[Event "Polish Youth 1st League 2022"]
[Site "Lublin"]
[Date "2022.06.29"]
[Round "5.2"]
[White "Nowak, Filip"]
[Black "Klaska, Szymon"]
[Result "0-1"]
[ECO "C42"]
[WhiteElo "1819"]
[BlackElo "1563"]
[Annotator "NA RC"]
[PlyCount "64"]
[EventDate "2022.06.24"]
[EventType "team-tourn"]
[EventCountry "POL"]
[SourceTitle "playchess.com"]
[Source "ChessBase"]
[SourceQuality "1"]
[TimeControl "40/5400+30:1800+30"]

1. e4 e5 2. Nf3 Nf6 3. Nxe5 d6 4. Nf3 Nxe4 5. Nc3 Nxc3 6. dxc3 Be7 7. Be3 Nc6 8. Qd2 Bf5 9. O-O-O Qd7 10. Bb5 a6 11. Ba4 b5 12. Bb3 Na5 13. Nd4 Nxb3+ 14. axb3 Bg6 15. f4 O-O 16. h4 a5 17. Rdf1 c5 18. Nf3 b4 19. Bxc5 Qc7 20. Bd4 a4 21. bxa4 Rxa4 22. Kd1 Re8 23. Qe3 bxc3 24. Bxc3 Re4 25. Qd2 Ra8 26. Qd5 Rea4 27. Nd4 Bf6 28. f5 Bh5+ 29. Kd2 Bxd4 30. Bxd4 R8a5 31. Qe4 Re5 32. Bb6 Qxb6 0-1

[Event "Polish Youth 1st League 2022"]
[Site "Lublin"]
[Date "2022.06.29"]
[Round "5.3"]
[White "Ugorek, Kacper"]
[Black "Grot, Blazej"]
[Result "0-1"]
[ECO "B48"]
[WhiteElo "1696"]
[BlackElo "1819"]
[Annotator "NA RC"]
[PlyCount "84"]
[EventDate "2022.06.24"]
[EventType "team-tourn"]
[EventCountry "POL"]
[SourceTitle "playchess.com"]
[Source "ChessBase"]
[SourceQuality "1"]
[TimeControl "40/5400+30:1800+30"]

1. e4 c5 2. Nf3 e6 3. d4 cxd4 4. Nxd4 Nc6 5. Nc3 Qc7 6. Be3 a6 7. a3 Nf6 8. Be2 Be7 9. O-O O-O 10. f4 d6 11. Nb3 b5 12. g4 Bb7 13. Qe1 b4 14. axb4 Nxb4 15. Qd2 d5 16. e5 Ne4 17. Nxe4 dxe4 18. Nd4 Rfd8 19. c3 Nd5 20. Rfd1 Bc5 21. Kf1 Bxd4 22. cxd4 Rac8 23. Rac1 Qb6 24. Bg1 Qb3 25. Rxc8 Rxc8 26. Rc1 Qh3+ 27. Ke1 Rf8 28. Rc3 Nxc3 29. bxc3 Rc8 30. c4 Qb3 31. f5 $19 a5 32. f6 Qb4 33. Be3 Ba6 34. Qxb4 axb4 35. c5 b3 36. Bc1 Ra8 37. Bd1 Bc4 38. Kd2 e3+ 39. Kxe3 Ra2 40. c6 b2 41. Bxb2 Rxb2 42. c7 Ba6 0-1

[Event "Polish Youth 1st League 2022"]
[Site "Lublin"]
[Date "2022.06.29"]
[Round "5.4"]
[White "Rozanski, Mateusz"]
[Black "Dobosiewicz, Dawid"]
[Result "0-1"]
[ECO "C77"]
[WhiteElo "1720"]
[BlackElo "1795"]
[Annotator "NA RC"]
[PlyCount "98"]
[EventDate "2022.06.24"]
[EventType "team-tourn"]
[EventCountry "POL"]
[SourceTitle "playchess.com"]
[Source "ChessBase"]
[SourceQuality "1"]
[TimeControl "40/5400+30:1800+30"]

1. e4 e5 2. Nf3 Nc6 3. Bb5 a6 4. Ba4 Nf6 5. d3 b5 6. Bb3 Be7 7. Bg5 d6 8. Nc3 Na5 9. h3 Nxb3 10. axb3 Bb7 11. O-O c5 12. Ne2 g6 13. Bh6 Bf8 14. Bxf8 Kxf8 15. Qd2 Kg7 16. Ng3 h6 17. Nh4 Ng8 18. Nf3 Ne7 19. b4 Nc6 20. bxc5 dxc5 21. Qc3 Qd6 22. Nd2 Nd4 23. Nb3 Rac8 24. Na5 Ba8 25. Qd2 c4 26. Rfd1 Rhd8 27. Kh1 cxd3 28. Qxd3 Qf6 29. c4 h5 30. cxb5 h4 31. Ne2 Nc2 32. Qf3 Nxa1 33. Rxa1 Qxf3 34. gxf3 axb5 35. Nc3 b4 36. Nd1 f5 37. Ne3 fxe4 38. fxe4 Bxe4+ 39. Kg1 Ra8 40. Ra4 Bf3 41. b3 Rdc8 42. Nec4 Rd8 43. Ne3 Rd3 44. Ra1 Rd2 45. Kf1 g5 46. Ke1 Rd4 47. Nf5+ Kf6 48. Nxd4 exd4 49. Kd2 g4 0-1

[Event "Polish Youth 1st League 2022"]
[Site "Lublin"]
[Date "2022.06.29"]
[Round "5.5"]
[White "Barwinska, Ewa"]
[Black "Krzyzosiak, Marta"]
[Result "1-0"]
[ECO "B40"]
[WhiteElo "1825"]
[BlackElo "1666"]
[Annotator "NA RC"]
[PlyCount "55"]
[EventDate "2022.06.24"]
[EventType "team-tourn"]
[EventCountry "POL"]
[SourceTitle "playchess.com"]
[Source "ChessBase"]
[SourceQuality "1"]
[TimeControl "40/5400+30:1800+30"]

1. e4 c5 2. Nf3 e6 3. d4 cxd4 4. Nxd4 d6 5. c4 Nf6 6. Nc3 Be7 7. Bd3 Nc6 8. Bc2 a6 9. Be3 Bd7 10. Qe2 Qc7 11. Nxc6 Bxc6 12. O-O O-O 13. Bd3 Rfd8 14. Rac1 b6 15. Nd5 Bxd5 16. cxd5 Qb7 17. dxe6 fxe6 18. f3 b5 19. Rc2 Rac8 20. Rfc1 Rxc2 21. Qxc2 Kf7 22. h3 h6 $16 23. f4 d5 (23... Ra8 $142) 24. e5 Ne4 25. Bd4 Rd7 26. Qc6 Nd2 27. f5 exf5 28. e6+ 1-0

[Event "Polish Youth 1st League 2022"]
[Site "Lublin"]
[Date "2022.06.29"]
[Round "5.6"]
[White "Wieczorek, Maja"]
[Black "Matuszewska, Kinga"]
[Result "1-0"]
[ECO "C42"]
[WhiteElo "1316"]
[BlackElo "1085"]
[Annotator "NA RC"]
[PlyCount "73"]
[EventDate "2022.06.24"]
[EventType "team-tourn"]
[EventCountry "POL"]
[SourceTitle "playchess.com"]
[Source "ChessBase"]
[SourceQuality "1"]
[TimeControl "40/5400+30:1800+30"]

1. e4 e5 2. Nf3 Nf6 3. Nxe5 d6 4. Nf3 Nxe4 5. Nc3 Nxc3 6. dxc3 Nc6 7. Bd3 Be7 8. Be3 Be6 9. Qd2 Qd7 10. h3 Ne5 11. Nxe5 dxe5 12. Qe2 c6 13. Rd1 Qc7 14. a3 f5 15. O-O O-O 16. f4 e4 17. Bc4 Bxc4 18. Qxc4+ Kh8 19. Bd4 Bd6 20. Be3 b6 21. b4 Rac8 22. Rd2 c5 23. Qe2 g6 24. Qf2 Be7 25. Rfd1 Bf6 26. Rd7 Qc6 27. R1d6 Qb5 28. Qd2 a5 29. Qd5 Bxc3 30. Qe6 Qe2 31. Rxh7+ Kxh7 32. Qxg6+ Kh8 33. Qh6+ Kg8 34. Rg6+ Kf7 35. Qh7+ Ke8 36. Re6+ Kd8 37. Qe7# 1-0

[Event "Polish Youth 1st League 2022"]
[Site "Lublin"]
[Date "2022.06.29"]
[Round "5.7"]
[White "Szlosarczyk, Hubert"]
[Black "Kania, Dominik"]
[Result "1/2-1/2"]
[ECO "A57"]
[WhiteElo "1650"]
[BlackElo "1872"]
[Annotator "NA RC"]
[PlyCount "100"]
[EventDate "2022.06.24"]
[EventType "team-tourn"]
[EventCountry "POL"]
[SourceTitle "playchess.com"]
[Source "ChessBase"]
[SourceQuality "1"]
[TimeControl "40/5400+30:1800+30"]

1. d4 Nf6 2. c4 c5 3. d5 b5 4. cxb5 a6 5. b6 d6 6. Nc3 Nbd7 7. e4 g6 8. Nf3 Bg7 9. h3 O-O 10. Bd3 Nxb6 11. O-O Ne8 12. Qe2 Nc7 13. Bg5 Qd7 14. Nd2 e6 15. Nc4 Nxc4 16. Bxc4 exd5 17. Nxd5 Nxd5 18. Bxd5 Rb8 19. Rab1 Bb7 20. Rfd1 Rfe8 21. Bf4 Bxd5 22. Rxd5 Qa4 23. Bxd6 Qxa2 24. Rdd1 Rxb2 25. Rxb2 Qxb2 26. Qxa6 Bd4 27. Rf1 Qc2 28. e5 {[%emt 0:01:51] [#]} Qf5 ({Don't play} 28... Bxe5 29. Qb5 Kg7 30. Qxe8 $16) ({Better is} 28... Qe4 $1 $17 29. Qb5 Ra8) 29. Qc6 Qe6 30. Qa4 Rc8 31. Kh1 Bxe5 32. Bxe5 Qxe5 33. Rc1 Qd5 34. Qc2 c4 35. Qc3 Qc5 36. Kg1 Rd8 37. g3 $17 Rd4 38. Re1 Qd5 39. Kh2 h5 40. Re2 (40. Re8+ $1 $15 Kg7 41. h4) 40... Kh7 41. Re8 h4 42. gxh4 {[%emt 0:02:44] [#]} Qd6+ $1 43. Kg2 {[%emt 0:04:58] [#]} Qc6+ $1 44. Kh2 Qxe8 45. Qxd4 Qb8+ 46. Kg2 Qb3 $2 (46... Qc7 $19 47. Qc3 Qf4) 47. Qd5 Kg8 48. Qd8+ Kg7 49. Qd4+ f6 50. Qd7+ Kh8 1/2-1/2

[Event "Polish Youth 1st League 2022"]
[Site "Lublin"]
[Date "2022.06.29"]
[Round "5.8"]
[White "Lysakowski, Piotr"]
[Black "Kozlowski, Franciszek"]
[Result "1/2-1/2"]
[ECO "D37"]
[WhiteElo "1542"]
[BlackElo "1607"]
[Annotator "NA RC"]
[PlyCount "74"]
[EventDate "2022.06.24"]
[EventType "team-tourn"]
[EventCountry "POL"]
[SourceTitle "playchess.com"]
[Source "ChessBase"]
[SourceQuality "1"]
[TimeControl "40/5400+30:1800+30"]

1. d4 Nf6 2. c4 e6 3. Nc3 d5 4. Nf3 Be7 5. Bg5 Ne4 6. Bxe7 Qxe7 7. cxd5 Nxc3 8. bxc3 exd5 9. e3 O-O 10. Qb3 c6 11. c4 dxc4 12. Bxc4 b5 13. Be2 Be6 14. Qc3 Bd5 15. O-O Nd7 16. Rfc1 a5 17. Nd2 Rfc8 18. e4 Be6 19. Nb3 a4 20. Nd2 Nb6 21. a3 Rab8 22. Rc2 Bb3 23. Nxb3 axb3 24. Qxb3 Qxe4 25. Qd3 Qxd3 26. Bxd3 Kf8 27. Rac1 Rd8 28. Rxc6 b4 29. axb4 Rxd4 30. Bf5 g6 31. Bb1 Nd5 32. Rc8+ Rxc8 33. Rxc8+ Kg7 34. Rc1 Nxb4 35. g3 Rd7 36. Be4 Nd5 37. Bxd5 Rxd5 1/2-1/2

[Event "Polish Youth 1st League 2022"]
[Site "Lublin"]
[Date "2022.06.29"]
[Round "5.9"]
[White "Duda, Szymon"]
[Black "Musial, Igor"]
[Result "0-1"]
[ECO "A48"]
[WhiteElo "1707"]
[BlackElo "1699"]
[Annotator "NA RC"]
[PlyCount "110"]
[EventDate "2022.06.24"]
[EventType "team-tourn"]
[EventCountry "POL"]
[SourceTitle "playchess.com"]
[Source "ChessBase"]
[SourceQuality "1"]
[TimeControl "40/5400+30:1800+30"]

1. d4 Nf6 2. Nf3 g6 3. c4 Bg7 4. g3 c6 5. Bg2 d5 6. Nbd2 O-O 7. O-O Bf5 8. b3 Nbd7 9. Bb2 Qb6 10. Ne5 Nxe5 11. dxe5 Ng4 12. cxd5 cxd5 13. Bxd5 Rad8 14. e4 Nxe5 15. Bxe5 Bxe5 16. Nc4 Qf6 17. Nxe5 Qxe5 18. f4 Qc7 19. Qf3 Bd7 20. Rac1 Qa5 21. Qf2 Bh3 22. Rfe1 e6 23. Bc4 Rd2 24. Qf3 Qxa2 25. Be2 h5 26. Qe3 Rfd8 27. Ra1 Qb2 28. f5 exf5 29. exf5 Bxf5 30. h4 a6 31. Rad1 Rxd1 32. Rxd1 Rxd1+ 33. Bxd1 Kg7 34. Bf3 b5 35. Bd5 Qf6 36. b4 Bh3 37. Kh2 Be6 38. Bxe6 Qxe6 39. Qd4+ Qf6 40. Qc5 Qb2+ 41. Kg1 Qa1+ 42. Kh2 a5 43. bxa5 Qxa5 44. Qe5+ Kh7 45. Qd5 Kg8 46. Kg2 Qa4 47. Kh2 Qc2+ 48. Kg1 Qc4 49. Qa8+ Kh7 50. Kh2 b4 51. Qd8 Kg7 52. Qd1 Qc3 53. Qa4 b3 54. Qa3 Qc2+ 55. Kh3 b2 0-1

[Event "Polish Youth 1st League 2022"]
[Site "Lublin"]
[Date "2022.06.29"]
[Round "5.10"]
[White "Rozek, Michal"]
[Black "Wajda, Krzysztof"]
[Result "1-0"]
[ECO "C50"]
[WhiteElo "1533"]
[BlackElo "1494"]
[Annotator "NA RC"]
[PlyCount "73"]
[EventDate "2022.06.24"]
[EventType "team-tourn"]
[EventCountry "POL"]
[SourceTitle "playchess.com"]
[Source "ChessBase"]
[SourceQuality "1"]
[TimeControl "40/5400+30:1800+30"]

1. e4 e5 2. Nf3 Nc6 3. Bc4 Bc5 4. O-O d6 5. c3 Nf6 6. d3 h6 7. Nbd2 a5 8. Bb3 O-O 9. h3 Be6 10. Re1 Re8 11. Bxe6 fxe6 12. Nf1 Qd7 13. Ng3 Ne7 14. d4 exd4 15. cxd4 Bb6 16. Be3 Ng6 17. Qc2 Qf7 18. Rad1 Rad8 19. Qb3 Rd7 20. Nd2 e5 21. Qxf7+ Kxf7 22. d5 Bxe3 23. Rxe3 Nf4 24. Rc1 h5 25. Kf1 Ke7 26. Rec3 Kd8 27. f3 g5 28. Nc4 b6 29. Nf5 g4 30. Nxb6 Rh7 31. Na8 Rg8 32. Nxc7 gxh3 33. gxh3 Rg5 34. Ne6+ Nxe6 35. dxe6 Rxf5 36. exf5 Ne8 37. Rc8+ 1-0

[Event "Polish Youth 1st League 2022"]
[Site "Lublin"]
[Date "2022.06.29"]
[Round "5.11"]
[White "Czarnecka, Lidia"]
[Black "Mroz, Lena"]
[Result "1-0"]
[ECO "B42"]
[WhiteElo "1940"]
[BlackElo "1719"]
[Annotator "TA"]
[PlyCount "145"]
[EventDate "2022.06.24"]
[EventType "team-tourn"]
[EventCountry "POL"]
[SourceTitle "playchess.com"]
[Source "ChessBase"]
[SourceQuality "1"]
[TimeControl "40/5400+30:1800+30"]

1. e4 c5 2. Nf3 e6 3. d4 cxd4 4. Nxd4 a6 5. Bd3 Bc5 6. Nb3 Ba7 7. O-O Nc6 8. c4 (8. Qg4 $5 Kf8 9. Qg3 $14) 8... Nge7 {[%emt 0:03:39] was the old line (8...Nf6). B42: Sicilian: Kan Variation: 5 Bd3.} 9. Nc3 O-O 10. Bf4 e5 {[%emt 0:04:43] White has an edge.} 11. Bg5 d6 {[%emt 0:04:22] [#]} 12. Nd5 $146 ({Predecessor:} 12. a3 f6 13. Bd2 Be6 14. Rc1 Rc8 15. Na1 Nd4 16. Nd5 Qd7 17. Be3 Nxd5 18. exd5 Bg4 19. Qd2 Nf3+ 20. gxf3 Bxf3 21. Bxh7+ Kh8 {0-1 (21) Thibaud,C (2005)-Denis,L (2243) Sautron 2004}) 12... f6 13. Be3 Be6 14. Qd2 Kh8 15. Rad1 Bxe3 16. Nxe3 Qb8 17. Qe2 Rd8 18. Nd5 a5 19. Qd2 Ng6 20. Nc1 Bf7 21. Ne2 Nf8 22. Nec3 Nd4 23. Qe3 Nfe6 24. Rfe1 Qa7 25. b3 Nc5 26. Bb1 (26. Nc7 $5 ) 26... Rac8 27. Qd2 ({White has to play} 27. Rxd4 $14 exd4 28. Qxd4) 27... Bh5 28. Rc1 Qa6 29. Bd3 Bf7 30. Bf1 b6 31. Re3 Qb7 32. Rce1 Rb8 33. Rg3 Be6 34. f4 Bg8 35. f5 Qf7 (35... Rdc8 $11 {remains equal.}) 36. Qf2 Rb7 37. Ree3 Rbb8 38. Rh3 Rb7 39. Rh4 Qf8 40. Reh3 h6 41. Qd2 Bh7 42. Kh1 Rdd7 43. g4 Kg8 44. Rg3 Rf7 (44... Kh8 $16 {was called for.}) 45. Rh5 $18 Nc6 $2 (45... Qe8 46. Bg2 Kh8) 46. h4 Nb4 47. g5 Nxd5 48. Qxd5 ({Stronger than} 48. cxd5 fxg5 49. hxg5 Nxe4 50. Nxe4 Rxf5 $17) 48... Kh8 49. Qd2 (49. g6 $18) 49... Rfd7 $2 {[%emt 0:01:32] A mistake that costs the game.} (49... fxg5 $16 50. hxg5 {[#]} Nxe4 $1 51. Nxe4 Rxf5) 50. Be2 Bg8 51. gxh6 gxh6 52. Rxh6+ Rh7 53. Rgg6 Rxh6 54. Qxh6+ ({Much less strong is} 54. Rxh6+ $6 Rh7 55. Rxh7+ Kxh7 $18) 54... Qxh6 55. Rxh6+ Rh7 56. Rxh7+ (56. Rxf6 Rxh4+ 57. Kg2 Nxe4 58. Nxe4 Rxe4 $14) 56... Kxh7 {[%emt 0:00:08][%mdl 4096] Endgame KBN-KBN} 57. Bf3 Kg7 58. Nb5 Nb7 (58... a4 {was necessary.} 59. Kg2 (59. Nxd6 Nxb3 60. Bd1 Nd2 $16) 59... Kf8 60. Nxd6 Nxb3) 59. Na7 a4 60. Bd1 axb3 61. axb3 Nc5 (61... d5 {is a better defense.}) 62. Bc2 Bf7 63. Nc8 Bh5 64. Kg2 {[%emt 0:00:02] Threatens to win with b4.} Nb7 $2 (64... Na6 65. Nxd6 Nb4) 65. Nxb6 {[%emt 0:00:09] [#] And now b4 would win. White is clearly winning.} Be8 66. b4 Kf8 67. Kf3 Bh5+ 68. Ke3 Ke7 69. Ba4 Bf7 70. Bc6 Nd8 71. Ba8 Be8 72. b5 Kf7 73. Nc8 {[%emt 0:00:18] Weighted Error Value: White=0.19 (very precise) /Black=0.26 (precise)} 1-0

[Event "Polish Youth 1st League 2022"]
[Site "Lublin"]
[Date "2022.06.29"]
[Round "5.12"]
[White "Lajdamik, Kinga"]
[Black "Slusarczyk, Anna"]
[Result "0-1"]
[ECO "B42"]
[WhiteElo "1308"]
[BlackElo "1544"]
[Annotator "NA RC"]
[PlyCount "104"]
[EventDate "2022.06.24"]
[EventType "team-tourn"]
[EventCountry "POL"]
[SourceTitle "playchess.com"]
[Source "ChessBase"]
[SourceQuality "1"]
[TimeControl "40/5400+30:1800+30"]

1. e4 c5 2. Nf3 e6 3. d4 cxd4 4. Nxd4 a6 5. Bd3 Nf6 6. Nc3 Qc7 7. O-O Be7 8. Qe2 d6 9. f4 Nbd7 10. Kh1 b5 11. Bd2 Bb7 12. b4 Nb6 13. a4 bxa4 14. Nxa4 O-O 15. Nxb6 Qxb6 16. c3 a5 17. b5 Rfc8 18. Rf3 g6 19. Rg3 e5 20. Nf5 Bf8 21. c4 exf4 22. Bxf4 Re8 23. Be3 Qc7 24. Nh6+ Bxh6 25. Bxh6 Nxe4 26. Bxe4 Rxe4 27. Qb2 f5 28. Rc1 Qe7 29. h3 Rc8 30. Kh2 Rcxc4 31. Rxc4 Rxc4 32. Qa2 Qc7 33. Re3 d5+ 34. Rg3 Rc3 35. Qf2 Qxg3+ 36. Qxg3 Rxg3 37. Kxg3 d4 38. Bd2 a4 39. Bb4 Kf7 40. Kf2 Ke6 41. Ke2 Bxg2 42. b6 Bb7 43. Kd3 Kd5 44. Ba3 Ba6+ 45. Kd2 f4 46. Ke1 f3 47. Kf2 Ke4 48. Bc1 d3 49. Ke1 Kd4 50. Bb2+ Kc4 51. Bc1 Kc3 52. h4 a3 0-1

[Event "Polish Youth 1st League 2022"]
[Site "Lublin"]
[Date "2022.06.29"]
[Round "5.13"]
[White "Panek, Bartosz"]
[Black "Suder, Jakub"]
[Result "1-0"]
[ECO "B40"]
[WhiteElo "2022"]
[BlackElo "2306"]
[Annotator "TA"]
[PlyCount "119"]
[EventDate "2022.06.24"]
[EventType "team-tourn"]
[EventCountry "POL"]
[SourceTitle "playchess.com"]
[Source "ChessBase"]
[SourceQuality "1"]
[TimeControl "40/5400+30:1800+30"]

1. e4 c5 2. Nf3 e6 3. Qe2 Nc6 4. g3 Nf6 5. Bg2 Be7 6. e5 {[%emt 0:00:06] C00: French: Unusual White 2nd moves.} Nd5 7. Nc3 O-O 8. O-O {[%emt 0:02:20] The position is equal.} Ndb4 9. d3 Nd4 10. Nxd4 cxd4 11. Ne4 {[%emt 0:09:27] [#]} Nc6 $146 ({Predecessor:} 11... Qc7 12. c3 Nc6 13. Bf4 Qd8 14. c4 f5 15. exf6 gxf6 16. a3 d6 17. Bh6 Rf7 {1-0 (26) Admiraal,M (2458)-Debard,M (2211) Barcelona 2016}) 12. Bf4 Kh8 (12... g5 $2 13. Nxg5 $1 Bxg5 14. Qg4 $18) (12... Qa5 $1 $14 {is superior.}) 13. h4 f5 14. exf6 gxf6 15. Bd6 (15. Nd6 $1 $16) 15... Bxd6 16. Nxd6 Qe7 17. Nxc8 Raxc8 18. c3 dxc3 19. bxc3 b6 20. Rac1 Qd6 21. Rfd1 f5 22. d4 Ne7 23. c4 Ng8 ({Black should try} 23... f4 $14) 24. c5 Qe7 25. cxb6 axb6 26. d5 (26. Qe5+ $16 Nf6 27. d5) 26... e5 (26... Rxc1 $1 $11 27. Rxc1 e5) 27. d6 Qe6 28. Rxc8 $1 {[%emt 0:04:44] 0x0.0008620c465fdp-1022s more active pieces.} Rxc8 29. Bd5 Qe8 {[%emt 0:02:38] Loses the game.} (29... Qf6 $14) 30. Qb2 $1 $18 Nf6 $2 {[%emt 0:02:46] [#]} (30... f4 31. gxf4 (31. Qxb6 fxg3 32. fxg3 Rc3 $11) 31... Nf6) 31. Re1 $1 ({Not} 31. Qxb6 f4 $14) 31... Qg6 $2 (31... Nxd5 $2 32. Rxe5 Qg8 33. Re8+ Nc3 34. Rxg8+ Kxg8 35. Qxb6 $18) (31... Ne4 32. Bxe4 (32. Qxb6 Nf6 $18) 32... fxe4 33. Rxe4 Rc5 34. Qxb6 Rd5) 32. Rxe5 Rf8 33. Re7 f4 34. Be4 Qg4 35. Kh2 Qd1 36. Kg2 $2 (36. Rxd7 Kg8 {[#]} 37. Bxh7+ $1 Kh8 38. Bf5) 36... fxg3 (36... Qxd6 37. Rxh7+ Kg8) 37. fxg3 $2 (37. Qe5 {Threatening mate with Rxh7+.} Qh5 38. Qxh5 Nxh5 39. Rxh7+ Kg8 40. Rxh5) 37... Qxd6 38. Rxh7+ Kg8 39. Qb3+ Qe6 40. Re7 $1 {[%emt 0:00:00] Dancing on a razor blade.} Qxb3 41. axb3 {[%emt 0:00:27][%mdl 4096] Endgame KRB-KRN} Rc8 42. Bf3 Rc3 43. g4 {[%emt 0:01:49][%cal Bg3g4,Bg4g5][%mdl 32] Threatens to win with g5.} Kf8 44. Re5 Rxb3 (44... Ne8 {was worth a try.} 45. Rb5 Ng7 46. Rxb6 Ne6) 45. g5 Ng8 46. Rf5+ Kg7 47. Rd5 Ne7 48. Rxd7 Kf8 49. Rd6 Kg7 (49... Rb2+ $142 50. Kh3 Rb5) 50. h5 {[%emt 0:05:05][%cal Bh4h5,Bh5h6][%mdl 32] h6+ would kill now.} Re3 51. h6+ Kh7 52. Rf6 Re5 53. Rf7+ Kh8 54. Kh3 {[%emt 0:01:42] White wants to mate with Kg4.} b5 55. Kg4 {[%emt 0:03:03] Intending Bd1 and mate.} b4 56. Rf8+ Kh7 57. Rb8 Ng8 58. Kf4 {[%emt 0:03:28] White mates.} Re6 59. Be4+ Kh8 60. Rxg8+ $2 {[%emt 0:02:07] Weighted Error Value: White=0.34/Black=0.54} 1-0

[Event "Polish Youth 1st League 2022"]
[Site "Lublin"]
[Date "2022.06.29"]
[Round "5.14"]
[White "Dziewonski, Dariusz"]
[Black "Kubik, Rafal"]
[Result "1-0"]
[ECO "B76"]
[WhiteElo "1976"]
[BlackElo "1827"]
[Annotator "NA"]
[PlyCount "65"]
[EventDate "2022.06.24"]
[EventType "team-tourn"]
[EventCountry "POL"]
[SourceTitle "playchess.com"]
[Source "ChessBase"]
[SourceQuality "1"]
[TimeControl "40/5400+30:1800+30"]

1. e4 c5 2. Nf3 d6 3. d4 cxd4 4. Nxd4 Nf6 5. Nc3 g6 6. Be3 Bg7 7. f3 O-O 8. Qd2 Nc6 9. O-O-O d5 10. Kb1 Nxd4 11. e5 Nf5 12. exf6 exf6 13. Bc5 d4 14. Bxf8 Qxf8 15. Nb5 Ne3 16. Re1 f5 17. f4 Be6 18. Nxd4 Nxf1 19. Rhxf1 Bd5 20. Nxf5 Bc4 21. Nxg7 Bxf1 22. Rxf1 Qxg7 23. Qd7 b6 24. Re1 Qf6 25. g3 a5 26. c3 g5 (26... Kf8 {was necessary.} 27. Rd1 Rb8) 27. Qd5 Rd8 $18 28. Qxg5+ Qxg5 29. fxg5 Rd2 30. h4 Kg7 31. Re3 Kg6 32. Rf3 Rg2 33. a4 1-0

[Event "Polish Youth 1st League 2022"]
[Site "Lublin"]
[Date "2022.06.29"]
[Round "5.15"]
[White "Karwot, Marek"]
[Black "Maj, Samuel"]
[Result "0-1"]
[ECO "B22"]
[WhiteElo "1454"]
[BlackElo "1906"]
[Annotator "NA RC"]
[PlyCount "120"]
[EventDate "2022.06.24"]
[EventType "team-tourn"]
[EventCountry "POL"]
[SourceTitle "playchess.com"]
[Source "ChessBase"]
[SourceQuality "1"]
[TimeControl "40/5400+30:1800+30"]

1. e4 c5 2. c3 Nf6 3. e5 Nd5 4. Nf3 e6 5. d4 cxd4 6. cxd4 d6 7. Bc4 Nb6 8. Bd3 Bd7 9. Be4 Bc6 10. Bxc6+ Nxc6 11. O-O Be7 12. Nc3 O-O 13. Qe2 Rc8 14. Rd1 Nb4 15. a3 N4d5 16. Nxd5 Nxd5 17. Be3 Qb6 18. Rac1 Nxe3 19. fxe3 Qb3 20. exd6 Bxd6 21. Kf2 h6 22. Rxc8 Rxc8 23. Rd3 Qb6 24. Qd2 Rc4 25. Rc3 Qc7 26. Rxc4 Qxc4 27. g3 Qc6 28. Qd1 b6 29. Nd2 Be7 30. Nf3 Bd6 31. Nd2 e5 32. Nf3 e4 33. Nd2 Be7 34. Qb1 f5 35. Qa2+ Kh7 36. Qc4 Qg6 37. Qe2 Bd6 38. Nf1 Qe6 39. Nd2 Qf7 40. Nc4 Bc7 41. Nd2 Bb8 42. Nc4 b5 43. Nd2 a6 44. Nb1 h5 45. Nc3 h4 $1 46. Kg2 {[%emt 0:02:12] [#]} Qg6 $1 47. Qf2 Qg4 48. Ne2 h3+ 49. Kf1 a5 (49... Bd6 $17) 50. Ke1 g5 51. Nc3 {[%emt 0:02:08] [#]} (51. Qf1 $11 {remains equal.}) 51... Kg7 (51... Kg6 $1 $17) 52. Nxb5 $19 (52. Qc2 $11) 52... f4 53. exf4 $2 (53. gxf4 $17 gxf4 54. Nc3) 53... gxf4 54. gxf4 Bxf4 55. Kf1 e3 56. Qe2 Qf5 57. Kg1 Qb1+ 58. Qf1 Qg6+ 59. Kh1 Qe4+ 60. Kg1 e2 0-1

[Event "Polish Youth 1st League 2022"]
[Site "Lublin"]
[Date "2022.06.29"]
[Round "5.16"]
[White "Jamrozik, Maciej"]
[Black "Niesporek, Franciszek"]
[Result "0-1"]
[ECO "E32"]
[WhiteElo "1251"]
[BlackElo "1332"]
[Annotator "NA RC"]
[PlyCount "96"]
[EventDate "2022.06.24"]
[EventType "team-tourn"]
[EventCountry "POL"]
[SourceTitle "playchess.com"]
[Source "ChessBase"]
[SourceQuality "1"]
[TimeControl "40/5400+30:1800+30"]

1. d4 Nf6 2. c4 e6 3. Nc3 Bb4 4. Qc2 O-O 5. Nf3 d5 6. e3 c5 7. cxd5 exd5 8. dxc5 Nbd7 9. a3 Bxc3+ 10. Qxc3 Ne4 11. Qc2 a5 12. c6 Ndc5 13. cxb7 Bxb7 14. Be2 a4 15. Nd4 Rc8 16. Qd1 Qh4 17. O-O f5 18. b4 axb3 19. Nxb3 Nc3 20. Qc2 Nxe2+ 21. Qxe2 Nxb3 22. Rb1 Qc4 23. Qb2 Ba6 24. Rd1 Nxc1 25. Rbxc1 Qb5 26. Qe5 Qd7 27. Rb1 Bc4 28. Rb4 Rfe8 29. Qg3 Qc7 30. Qf3 Qe5 31. Rdb1 Bd3 32. Rd1 Be4 33. Qh5 Rb8 34. Rbd4 Red8 35. f3 Bc2 36. Re1 Rb1 37. Rxb1 Qxe3+ 38. Kh1 Bxb1 39. Rd1 Bc2 40. Rg1 d4 41. Qh4 Re8 42. Qg3 Qe5 43. Qf2 d3 44. h3 Qe3 45. Qg3 d2 46. Qd6 Qxg1+ 47. Kxg1 d1=Q+ 48. Qxd1 Bxd1 0-1

[Event "Polish Youth 1st League 2022"]
[Site "Lublin"]
[Date "2022.06.29"]
[Round "5.17"]
[White "Bugaj, Hanna"]
[Black "Uliasz, Katarzyna"]
[Result "1/2-1/2"]
[ECO "A49"]
[WhiteElo "1779"]
[BlackElo "1526"]
[Annotator "NA RC"]
[PlyCount "60"]
[EventDate "2022.06.24"]
[EventType "team-tourn"]
[EventCountry "POL"]
[SourceTitle "playchess.com"]
[Source "ChessBase"]
[SourceQuality "1"]
[TimeControl "40/5400+30:1800+30"]

1. d4 Nf6 2. Nf3 g6 3. g3 Bg7 4. c4 c5 5. Bg2 O-O 6. O-O cxd4 7. Nxd4 Nc6 8. Nc3 Qb6 9. Nc2 d6 10. Nd5 Qd8 11. Bg5 Nxd5 12. cxd5 Ne5 13. Nd4 Nc4 14. b3 Ne5 15. Rc1 h6 16. Be3 Ng4 17. Qd3 Nxe3 18. Qxe3 Qb6 19. Rc4 Re8 20. Rfc1 Bd7 21. Qd2 Rac8 22. e3 Rxc4 23. Rxc4 Rc8 24. Rxc8+ Bxc8 25. Qc2 Bd7 26. Nf3 Qa5 27. Nd2 Qc3 28. Qxc3 Bxc3 29. Nb1 Bb2 30. Be4 Bb5 1/2-1/2

[Event "Polish Youth 1st League 2022"]
[Site "Lublin"]
[Date "2022.06.29"]
[Round "5.18"]
[White "Tokarz, Gabriela"]
[Black "Sprzeczka, Emilia"]
[Result "1/2-1/2"]
[ECO "D86"]
[WhiteElo "1469"]
[BlackElo "1692"]
[Annotator "NA RC"]
[PlyCount "82"]
[EventDate "2022.06.24"]
[EventType "team-tourn"]
[EventCountry "POL"]
[SourceTitle "playchess.com"]
[Source "ChessBase"]
[SourceQuality "1"]
[TimeControl "40/5400+30:1800+30"]

1. d4 Nf6 2. c4 g6 3. Nc3 d5 4. cxd5 Nxd5 5. e4 Nxc3 6. bxc3 Bg7 7. Bc4 c5 8. Ne2 Nc6 9. Be3 O-O 10. O-O Bg4 11. f3 Bd7 12. Rb1 Qc7 13. Bb5 Rad8 14. Bxc6 Bxc6 15. Qb3 e6 16. Rfd1 Rfe8 17. Qa3 cxd4 18. cxd4 Qd7 19. Rd2 b6 20. Rc1 Rc8 21. Rdc2 Bb5 22. Rxc8 Rxc8 23. Rxc8+ Qxc8 24. Nc3 Qc4 25. Nxb5 Qxb5 26. Kf2 Qc4 27. Qxa7 Bxd4 28. Bxd4 Qxd4+ 29. Kg3 Kg7 30. h3 Qe5+ 31. Kf2 b5 32. a3 Qb2+ 33. Kg3 h5 34. Qe3 Qe5+ 35. Kf2 Qd6 36. Qb3 Qc5+ 37. Qe3 Qc4 38. Kg3 e5 39. Qb6 Qe2 40. Qc5 Qb2 41. Qe3 Qa1 1/2-1/2